 Dungeon Crawl Stone Soup version 0.17.1-1-g73c8601 (webtiles) character file.

436 zhaorenw the Chopper (level 6, 0/51 HPs)
             Began as a Centaur Chaos Knight on Jan 1, 2016.
             Slain by a gnoll
             ... wielding a cursed -3 whip
              (3 damage)
             ... on level 3 of the Dungeon.
             The game lasted 00:07:29 (3303 turns).

zhaorenw the Chopper (Centaur Chaos Knight)         Turns: 3303, Time: 00:07:30

Health: 0/51       AC:  8    Str: 16    XL:     6   Next: 68%
Magic:  6/6        EV: 10    Int: 11    God:    Xom [..*...]
Gold:   67         SH:  0    Dex: 14    Spells: 0 memorised, 5 levels left

rFire  . . .     SeeInvis .     a - +0 hand axe (chaos)
rCold  . . .     Clarity  .     b - +2 leather armour
rNeg   . . .     SustAt   .     (no shield)
rPois  +         Gourm    .     (no helmet)
rElec  .         Spirit   .     (no cloak)
rCorr  .         Warding  .     (no gloves)
rMut   .         Stasis   +     (no barding)
MR     .....                    v - amulet of stasis {Stasis, !d}
Stlth  +.........               m - +1 ring of evasion
                                e - +5 ring of dexterity

@: invisible, very quick, not resistant to hostile enchantments, very unstealthy
A: fangs 1, hooves 3, slimy green scales 1, deformed body, speed 2, poison
resistance, spit poison 1, tough skin 3
a: Spit Poison, Renounce Religion


You were on level 3 of the Dungeon.
You worshipped Xom.
You were a toy of Xom.
You were not hungry.

You visited 1 branch of the dungeon, and saw 3 of its levels.

You collected 67 gold pieces.

Inventory:

Hand Weapons
 a - a +0 hand axe of chaos (weapon)
 x - a +1 dagger of venom
   (You took it off a goblin on level 3 of the Dungeon)
Missiles
 d - 7 steel sling bullets
 g - 67 stones (quivered)
 u - a throwing net {=f, !d}
Armour
 b - a +2 leather armour (worn)
 f - a +2 robe of cold resistance
   (You took it off Jessica on level 3 of the Dungeon)
 y - a cursed +0 helmet
   (You found it on level 3 of the Dungeon)
Jewellery
 e - a +5 ring of dexterity (left hand)
   (You found it on level 1 of the Dungeon)
 m - a +1 ring of evasion (right hand)
   (You found it on level 1 of the Dungeon)
 v - an amulet of stasis (around neck) {Stasis, !d}
   (You found it on level 3 of the Dungeon)
 z - a +3 ring of dexterity
   (You found it on level 3 of the Dungeon)
Wands
 t - a wand of slowing (24)
   (You found it on level 2 of the Dungeon)
Scrolls
 k - a scroll of enchant armour {unknown}
 l - 5 scrolls of identify {unknown}
 q - a scroll of random uselessness {unknown}
 w - a scroll of remove curse
Potions
 h - a potion of flight {unknown}
 j - a potion of might {unknown}
 o - a potion of curing
 p - a potion of agility {unknown}
 r - a potion of invisibility
 s - a potion of degeneration {unknown}
Comestibles
 c - a bread ration {@e1}
 i - 2 chunks of flesh {@w0}
 n - 2 beef jerkies


   Skills:
 - Level 3.2 Fighting
 + Level 6.8 Axes
 - Level 1.5 Armour
 - Level 0.8 Dodging


You had 5 spell levels left.
You didn't know any spells.

Dungeon Overview and Level Annotations

Branches:
Dungeon (3/15)

Altars:
Dithmenos
Makhleb
Nemelex Xobeh

Annotations:
D:3 Grinder


Innate Abilities, Weirdness & Mutations

You have hooves in place of feet.
Armour fits poorly on your strangely shaped body.
You cover ground very quickly.
You have extremely tough skin (AC +3).
You have very sharp teeth.
You are partially covered in slimy green scales (AC +2).
Your system is resistant to poisons.
You can spit weak poison.


Message History

All of the chunks of flesh in your inventory have rotted away.
Health restored: 51 An adder comes into view.
You barely miss the adder. Your kick misses the adder.
The adder barely misses you.
You miss the adder. The adder barely misses you.
The adder bites you but does no damage.
You hit the adder. You burn the adder. The adder bites you.
You take 1 damage, and have 50/51 hp.
You closely miss the adder. The adder bites you but does no damage.
You hit the adder. You freeze the adder.
The adder seems to slow down.
The adder bites you.
You take 4 damage, and have 46/51 hp.
You barely miss the adder. You bite the adder, but do no damage.
The adder bites you but does no damage.
You hit the adder.
You kill the adder!
You see here an adder corpse.
You butcher the adder corpse.
i - 2 chunks of flesh {@w0}
z - a ring of dexterity Health restored: 51 You now have 67 gold pieces (gained 9).
A gnoll comes into view. It is wielding a spear.
A gnoll is nearby!
The gnoll shouts!
A gnoll comes into view. It is wielding a spear.
A gnoll comes into view. It is wielding an enchanted whip.
The gnoll shouts! x2
A gnoll comes into view. It is wielding a halberd.
The gnoll barely misses you. The gnoll closely misses you.
You completely miss the gnoll. The gnoll hits you with a spear.
The gnoll hits you but does no damage.
You take 5 damage, and have 46/51 hp.
You hit the gnoll but do no damage.
The gnoll seems to slow down.
Your kick misses the gnoll. The gnoll hits you but does no damage.
The gnoll hits you from afar with a spear.
You take 1 damage, and have 45/51 hp.
You hit the gnoll. Your kick misses the gnoll. The gnoll barely misses you.
The gnoll barely misses you.
Grinder comes into view.
You completely miss the gnoll.
Grinder shouts!
You kick the gnoll. Your bite misses the gnoll.
The gnoll hits you but does no damage.
You hit the gnoll.
The gnoll is poisoned.
The gnoll hits you with a spear. The gnoll hits you but does no damage.
You take 3 damage, and have 42/51 hp.
You hit the gnoll. You freeze the gnoll. You kick the gnoll.
You bite the gnoll, but do no damage. The gnoll barely misses you.
The gnoll shouts!
You hit the gnoll. You bite the gnoll, but do no damage.
The gnoll hits you with a spear. The gnoll completely misses you.
You take 1 damage, and have 41/51 hp.
You barely miss the gnoll. You kick the gnoll, but do no damage.
You bite the gnoll, but do no damage.
You kill the gnoll!
Grinder gestures.
Grinder blinks!
You hit Grinder. Your bite misses Grinder. Grinder closely misses you.
The gnoll hits you but does no damage.
You hit Grinder.
Grinder seems to slow down.
You kick Grinder. You barely miss the gnoll.
Grinder is no longer moving slowly.
The gnoll hits you but does no damage. Grinder gestures at you.
Pain shoots through your body! The gnoll closely misses you.
You take 14 damage, and have 28/51 hp.
MASSIVE DAMAGE!!
You closely miss the gnoll. You kick the gnoll. You barely miss Grinder.
The gnoll completely misses you. Grinder hits you but does no damage.
You hit the gnoll.
The gnoll suddenly stops moving!
You kick the gnoll, but do no damage. You hit Grinder.
The gnoll is no longer paralysed.
The gnoll barely misses you. The gnoll closely misses you.
Grinder hits you but does no damage.
You closely miss the gnoll. You hit Grinder but do no damage.
The gnoll barely misses you.
The gnoll hits you from afar with a spear!
Grinder barely misses you.
You take 10 damage, and have 18/51 hp.
You hit Grinder. You kick Grinder. Your bite misses Grinder.
You hit the gnoll but do no damage.
The gnoll hits you with an enchanted whip.
* * * LOW HITPOINT WARNING * * *
Grinder gestures at you. Pain shoots through your body!
* * * LOW HITPOINT WARNING * * *
The gnoll hits you from afar with a spear.
* * * LOW HITPOINT WARNING * * *
You take 15 damage, and have 3/51 hp.
MASSIVE DAMAGE!!
Unknown command.
Read which item? (? for menu, Esc to quit)
Okay, then.
Drink which item? (? for menu, Esc to quit)
It was a potion of invisibility.
You fade into invisibility!
The gnoll hits you with an enchanted whip.
You die...
Xom cackles wildly!

....# ##.# ##...# #... # ....#
... .... ..#######
###..####.####.####..
#.......###.......#.##.....##..
#...........##.##.#.#.......#..
#...g...##..##......#.......#..
#...........#####......._......
........##.ggg@5....#.......#..
#.......##.#####..#.#^......#..
#..........# #..#.##.....##..
#####.####.# #.##.####.####..
..####.# #.##............
........#####.##.##....###..
##..####.......##.##....##...
#.......#####.#.....##.##
..###.......#.#....##..#.


You could see Grinder and 3 gnolls.

Vanquished Creatures
  The ghost of leMango the Skirmisher, an amateur DsBe of Trog (D:3)
  A phantom (D:1)
  Jessica (D:3)
  A gnoll (D:3)
  3 adders
  A worm (D:2)
  2 giant geckos
  3 orcs (D:3)
  4 giant cockroaches
  16 goblins
  9 hobgoblins
  A hobgoblin (shapeshifter) (D:3)
  10 jackals
  3 kobolds (D:2)
  A quokka (D:3)
  A ball python (D:2)
  14 bats
  3 giant newts
  5 rats
80 creatures vanquished.

Vanquished Creatures (others)
  A fire vortex (D:3)
1 creature vanquished.

Grand Total: 81 creatures vanquished

Notes
Turn   | Place    | Note
--------------------------------------------------------------
     0 | D:1      | zhaorenw the Centaur Chaos Knight began the quest for the Orb.
     0 | D:1      | Reached XP level 1. HP: 19/19 MP: 1/1
    71 | D:1      | XOM: divination: detect creatures
   236 | D:1      | XOM: harmless Fire miscast
   277 | D:1      | Reached XP level 2. HP: 19/26 MP: 2/2
   299 | D:1      | Reached skill level 3 in Axes
   321 | D:1      | XOM is BORED!
   321 | D:1      | XOM: silly message
   614 | D:1      | XOM: harmless Trmt miscast
   708 | D:1      | XOM: silly message
   950 | D:1      | Noticed a phantom
   958 | D:1      | XOM: confuse monster(s)
   971 | D:1      | XOM: cast spell 'Confusing Touch'
   988 | D:1      | Killed a phantom
   988 | D:1      | Reached skill level 4 in Axes
   988 | D:1      | Reached XP level 3. HP: 26/31 MP: 3/3
   988 | D:1      | Reached XP level 4. HP: 31/38 MP: 4/4
  1057 | D:1      | XOM: cast spell 'Beastly Appendage'
  1103 | D:1      | XOM: silly message
  1141 | D:2      | Found a shadowy altar of Dithmenos.
  1328 | D:2      | XOM: mild Fire miscast
  1349 | D:2      | HP: 9/38 [poisoned by an adder]
  1710 | D:2      | Reached skill level 5 in Axes
  1716 | D:2      | Found a burning altar of Makhleb.
  1741 | D:2      | XOM: give mutations
  1741 | D:2      | Gained mutation: Your system is resistant to poisons. [Xom's grace]
  1741 | D:2      | Gained mutation: You are partially covered in slimy green scales (AC +2). [Xom's grace]
  1741 | D:2      | Gained mutation: You have very sharp teeth. [Xom's grace]
  1741 | D:2      | Gained mutation: You can spit weak poison. [Xom's grace]
  1782 | D:2      | Reached XP level 5. HP: 45/45 MP: 5/5
  2092 | D:2      | XOM: divination: detect creatures
  2161 | D:2      | XOM: colour smoke trail
  2274 | D:2      | XOM: colour smoke trail
  2459 | D:3      | Found a sparkling altar of Nemelex Xobeh.
  2463 | D:3      | Noticed Jessica
  2476 | D:3      | Killed Jessica
  2484 | D:3      | Noticed leMango's ghost (amateur DsBe)
  2485 | D:3      | XOM: cast spell 'Warp Weapon'
  2546 | D:3      | XOM: noise
  2558 | D:3      | HP: 6/45 [orc/trident (8)]
  2571 | D:3      | XOM: divination: magic mapping
  2665 | D:2      | XOM: divination: detect creatures
  2863 | D:3      | XOM: silly message
  2864 | D:3      | Noticed Robin
  2873 | D:3      | XOM: enchant monster (bad)
  2888 | D:3      | Noticed Robin
  2888 | D:3      | Robin changed into Robin the quokka
  2888 | D:3      | Robin the quokka changed into Robin the hobgoblin
  2909 | D:3      | XOM: noise
  2923 | D:3      | Killed leMango's ghost
  2923 | D:3      | Reached skill level 6 in Axes
  2923 | D:3      | Reached XP level 6. HP: 27/51 MP: 6/6
  3032 | D:3      | XOM: mild Fire miscast
  3291 | D:3      | Noticed Grinder
  3302 | D:3      | HP: 4/51 [Grinder/nerve-wracking pain (10)]
  3303 | D:3      | Slain by a gnoll

Action                   |  1- 3 |  4- 6 || total
-------------------------+-------+-------++-------
Melee: Hand axe          |    84 |   208 ||   292
 Abil: Spit Poison       |       |     2 ||     2
  Use: Scroll            |       |     3 ||     3
       Potion            |       |     2 ||     2
 Stab: Petrifying        |     1 |       ||     1
       Distracted        |       |     1 ||     1
       Confused          |       |     1 ||     1
  Eat: Chunk             |       |     6 ||     6

Vault maps used:
D:1:      kilobyte_arrival_exit_the_forest, minmay_misc_feat_rows
D:2:      lemuel_crystal_altar, grunt_dithmenos_smoke_and_mirrors
D:3:      nicolae_gozag_cash_rules_everything_around_me, old_standard_altar,
          uniq_jessica, uniq_robin, uniq_grinder

Table legend:
 A = Turns spent in this place as a percentage of turns spent in the entire game.
 B = Non-inter-level travel turns spent in this place as a percentage of non-inter-level travel turns spent in the entire game.
 C = Inter-level travel turns spent in this place as a percentage of turns spent in this place.
 D = Turns resting spent in this place as a percentage of non-inter-level travel turns spent in this place.
 E = Turns spent auto-exploring this place as a percentage of non-inter-level travel turns spent in this place.
 F = Non-inter-level travel turns spent in this place divided by the number of levels of this place that you've seen.
                   A       B       C       D       E      F
               +-------+-------+-------+-------+-------+----------------------
         Total | 100.0 | 100.0 |   0.3 |   2.7 |   6.4 | 389.0
       Dungeon | 100.0 | 100.0 |   0.3 |   2.7 |   6.4 | 389.0
               +-------+-------+-------+-------+-------+----------------------

Table legend:
 A = Kills in this place as a percentage of kills in entire the game.
 B = Kills by you in this place as a percentage of kills by you in the entire game.
 C = Kills by friends in this place as a percentage of kills by friends in the entire game.
 D = Other kills in this place as a percentage of other kills in the entire game.
 E = Experience gained in this place as a percentage of experience gained in the entire game.
 F = Experience gained in this place divided by the number of levels of this place that you have seen.
                   A       B       C       D       E      F
               +-------+-------+-------+-------+-------+----------------------
         Total | 100.0 | 100.0 |  -nan |  -nan | 100.0 | 207.7
       Dungeon | 100.0 | 100.0 |  -nan |  -nan | 100.0 | 207.7
               +-------+-------+-------+-------+-------+----------------------
